 Dungeon Crawl Stone Soup version 0.21-a0-630-g344d351 (webtiles) character file.

24 KristoblXynda the Charmwright (level 2, 0/14 HPs)
             Began as a Spriggan Skald on Dec 25, 2017.
             Slain by a hobgoblin
             ... wielding a +0 club
              (7 damage)
             ... on level 1 of the Dungeon.
             The game lasted 00:01:17 (1861 turns).

KristoblXynda the Charmwright (Spriggan Skald)      Turns: 1861, Time: 00:01:18

Health: 0/14       AC:  2    Str:  7    XL:     2   Next: 79%
Magic:  6/6        EV: 19    Int: 14    God:
Gold:   68         SH:  0    Dex: 15    Spells: 5/6 levels left

rFire    . . .     SeeInvis +   a - +0 short sword
rCold    . . .     Gourm    .   (shield restricted)
rNeg     . . .     Faith    .   b - +0 robe
rPois    .         Spirit   .   (helmet restricted)
rElec    .         Reflect  .   (no cloak)
rCorr    .         Harm     .   (gloves unavailable)
MR       .....                  (boots unavailable)
Stlth    +.........             (no amulet)
HPRegen  0.04/turn              (no ring)
MPRegen  0.10/turn              (no ring)

@: very quick
A: very small, unfitting armour, see invisible, herbivore, speed 3, slow
metabolism 2
a: no special abilities


You were on level 1 of the Dungeon.
You were not hungry.

You visited 1 branch of the dungeon, and saw 1 of its levels.

You collected 68 gold pieces.

Inventory:

Hand Weapons
 a - a +0 short sword (weapon)
Armour
 b - a +0 robe (worn)
Scrolls
 e - a scroll of teleportation {unknown}
 f - 4 scrolls of identify {unknown}
 g - a scroll of remove curse {unknown}
 h - a scroll of blinking {unknown}
Books
 c - a book of Battle

   Spells                             Type                      Level
   a - Infusion                       Charms                       1
   b - Shroud of Golubria             Charms/Translocation         2
   c - Song of Slaying                Charms                       2
   d - Spectral Weapon                Hexes/Charms                 3
   e - Regeneration                   Charms/Necromancy            3
Comestibles
 d - a ration


   Skills:
 - Level 1.5 Fighting
 + Level 2.7 Short Blades
 + Level 4.2 Dodging
 - Level 2.6 Spellcasting
 + Level 5.0 Charms


You had 5 spell levels left.
You knew the following spells:

 Your Spells              Type           Power        Failure   Level  Hunger
a - Infusion              Chrm           ###.         2%          1    #......


Dungeon Overview and Level Annotations

Branches:
Dungeon (1/15)

Altars:


Innate Abilities, Weirdness & Mutations

You are very small and have problems with some larger weapons.
You are too small for most types of armour.
You have supernaturally acute eyesight. (SInv)
You are a herbivore.
You cover ground extremely quickly.
You need consume almost no food.


Message History

A hobgoblin is nearby!
A hobgoblin is nearby!
The hobgoblin shouts!
You hit the hobgoblin.
The hobgoblin is moderately wounded.
The hobgoblin hits you but does no damage.
You hit the hobgoblin.
The hobgoblin is heavily wounded.
The hobgoblin hits you with a club.
You closely miss the hobgoblin.
The hobgoblin is heavily wounded.
The hobgoblin hits you with a club.
You barely miss the hobgoblin.
The hobgoblin is heavily wounded.
The hobgoblin hits you but does no damage.
You barely miss the hobgoblin.
The hobgoblin is heavily wounded.
The hobgoblin hits you with a club!
Ouch! That really hurt!
You die...

##.#####.#[#
.#.........#
.#.#####.#.# .#
#....#.# .#
#.##.#.# .#
#.##.#.# .#
#.##.#.# .#
#.##.#.#
######## .#
#.##.#.#
#..@g..#
.#.##.##.#.#
#.####.#
.#.##.##.#.#.#.#
.#.##....#.#.#.#
.#.####..#.#.#.#
.#.##....#.#.#.#
.#.#####.#.#.#.#
.#.#
#.#.#...####
.#.#
#.#.#......#


You could see a hobgoblin.

Vanquished Creatures
  A dart slug (D:1)
  A giant cockroach (D:1)
  A goblin (D:1)
  4 hobgoblins (D:1)
  7 jackals (D:1)
  A kobold (D:1)
  A frilled lizard (D:1)
  2 rats (D:1)
18 creatures vanquished.

Notes
Turn   | Place    | Note
-------+----------+-------------------------------------------
     0 | D:1      | KristoblXynda the Spriggan Skald began the quest for the Orb.
     0 | D:1      | Reached XP level 1. HP: 10/10 MP: 5/5
   530 | D:1      | Reached XP level 2. HP: 8/14 MP: 6/6
  1617 | D:1      | Reached skill level 5 in Charms
  1861 | D:1      | Slain by a hobgoblin

Vault maps used:
D:1:      roderic_chinese_lattice_arrival, serial_bayou_pond_e

Skill      XL: |  1  2 |
---------------+-------+-----
Dodging        | 4 |  4.2
Charms         | 5 |  5.0
Fighting       | |  1.5
Short Blades   | |  2.7
Spellcasting   | |  2.6

Action                   || total
-------------------------++-------
Melee: Short sword       ||    98
 Stab: Sleeping          ||     1
Armor: Robe              ||    14
Dodge: Dodged            ||    77

Table legend:
 A = Spawn XP
 B = Non-spawn XP
 C = Spawn XP percentage of total XP
 D = Spawn monster count
 E = Non-spawn monster count
 F = Spawn count percentage of total count
 G = Total turns spent on level
                    A         B        C        D         E        F      G
               +---------+---------+-------+---------+---------+-------+---------
         Total |       0 |      35 |   0.0 |       0 |      18 |   0.0 |  1861
               +---------+---------+-------+---------+---------+-------+---------
           D:1 |       0 |      35 |   0.0 |       0 |      18 |   0.0 |  1861
               +---------+---------+-------+---------+---------+-------+---------
